 Dungeon Crawl Stone Soup version 0.29.1-4-g47bece8355 (webtiles) character file.

Game seed: 13350517793400601891

497 LustLizard the Frost Mage (level 7, -2/46 HPs)
             Began as a Barachi Ice Elementalist on Dec 9, 2022.
             Slain by an ice beast (7 damage)
             ... on level 5 of the Dungeon.
             The game lasted 00:11:00 (5162 turns).

LustLizard the Frost Mage (BaIE)                    Turns: 5162, Time: 00:11:02

Health: -2/46      AC:  8    Str:  9    XL:     7   Next: 15%
Magic:  22/22      EV: 10    Int: 17    God:
Gold:   236        SH:  0    Dex: 13    Spells: 3/14 levels left

rFire   . . .      SeeInvis .   h - staff of cold
rCold   + . .      Faith    .   (no shield)
rNeg    + . .      Spirit   .   l - +1 ring mail of Heonin {rElec rN+ MP+9}
rPois   .          Reflect  .   w - +0 helmet
rElec   +          Harm     .   k - +0 cloak
rCorr   +          Rampage  .   (no gloves)
Will    .....                   (no boots)
Stlth   +.........              (no amulet)
HPRegen 0.15/turn               o - ring of flight
MPRegen 0.18/turn               p - ring of resist corrosion

@: unable to hop, flying, slow
A: amphibious, slowness 1, strong legs 1, +LOS
a: Hop


You were on level 5 of the Dungeon.
You visited 1 branch of the dungeon, and saw 5 of its levels.

You collected 236 gold pieces.

Inventory:

Armour
 k - a +0 cloak (worn)
 l - the +1 ring mail of Heonin (worn) {rElec rN+ MP+9}
   (You found it on level 2 of the Dungeon)

   rElec:     It insulates you from electricity.
   rN:        It protects you from negative energy.
   MP:        It affects your magic capacity (+9).
 w - a +0 helmet (worn)
Magical Staves
 h - a staff of cold (weapon)
Jewellery
 o - a ring of flight (left hand)
 p - a ring of resist corrosion (right hand)
Scrolls
 g - a scroll of immolation {unknown}
 i - a scroll of poison {unknown}
 n - a scroll of amnesia {unknown}
 q - 2 scrolls of teleportation
 s - a scroll of fear {unknown}
 t - 2 scrolls of torment {unknown}
 u - a scroll of butterflies {unknown}
 v - a scroll of noise {unknown}
 x - a scroll of enchant armour {unknown}
Potions
 a - 4 potions of heal wounds
 b - a potion of magic
 c - 2 potions of might
 d - a potion of ambrosia
 e - a potion of berserk rage {unknown}
 f - 2 potions of curing
 j - a potion of mutation {unknown}
 m - 2 potions of attraction {unknown}


   Skills:
 - Level 2.1 Dodging
 - Level 1.7 Stealth
 + Level 4.4 Spellcasting
 * Level 2.4 Conjurations
 * Level 8.3 Ice Magic


You had 3 spell levels left.
You knew the following spells:

 Your Spells              Type           Power      Damage    Failure   Level
a - Freeze                Ice            100%       1d11      1%          1
b - Frozen Ramparts       Ice            96%        1d15      4%          3
c - Ozocubu's Armour      Ice            48%        N/A       4%          3
d - Hailstorm             Conj/Ice       33%        3d8       41%         4

Your spell library contained the following spells:

 Spells                   Type           Power      Damage    Failure   Level
 Ensorcelled Hibernation  Hex/Ice        52%        N/A       12%         2
 Passwall                 Tmut/Erth      2%         N/A       54%         2
 Swiftness                Air            3%         N/A       77%         3
 Alistair's Intoxication  Tmut/Pois      2%         N/A       100%        5
 Borgnjor's Vile Clutch   Necr/Erth      1%         N/A       100%        5
 Manifold Assault         Tloc           3%         N/A       100%        5
 Yara's Violent Unravell  Hex/Tmut       1%         3d3       100%        5
 Dispersal                Tloc           1%         N/A       100%        6
 Eringya's Noxious Bog    Tmut/Pois      1%         N/A       100%        6


Dungeon Overview and Level Annotations

Branches:
Dungeon (5/15)
 Temple: D:4-7

Altars:
Elyvilon
Hepliaklqana
Makhleb
Qazlal
Yredelemnul
Zin


Innate Abilities, Weirdness & Mutations

You are amphibious.
You cover ground slowly.
You can hop short distances.
You have an extended range of vision and can be seen from far away.


Message History

Your surroundings suddenly seem different.
You see here a +0 whip.
The ice beast attacks as you move away! The ice beast misses you.
The ice beast hits you but does no damage.
There is a stone staircase leading up here.
There is a stone staircase leading up here.
The ice beast attacks as you move away! The ice beast misses you.
The ice beast hits you but does no damage.
The ice beast attacks as you move away! The ice beast barely misses you.
There is a stone staircase leading up here.
The ice beast barely misses you. The ice beast attacks as you move away!
The ice beast hits you but does no damage.
The ice beast attacks as you move away! The ice beast hits you.
The ice beast freezes you. You resist.
* * * LOW HITPOINT WARNING * * *
The ice beast hits you but does no damage.
The ice beast attacks as you move away!
The ice beast hits you but does no damage.
The ice beast attacks as you move away!
The ice beast hits you but does no damage.
There is a stone staircase leading up here.
The ice beast attacks as you move away! The ice beast barely misses you. x2
The ice beast hits you but does no damage.
The ice beast hits you. The ice beast freezes you. You resist.
* * * LOW HITPOINT WARNING * * *
There is a stone staircase leading up here.
The ice beast attacks as you move away!
The ice beast hits you but does no damage.
The ice beast attacks as you move away!
The ice beast hits you but does no damage.
The ice beast attacks as you move away! The ice beast closely misses you.
The ice beast attacks as you move away! The ice beast hits you.
* * * LOW HITPOINT WARNING * * *
The ice beast freezes you! You resist.
* * * LOW HITPOINT WARNING * * *
The ice beast hits you.
* * * LOW HITPOINT WARNING * * *
The ice beast freezes you! You resist.
You die...

#..# #..####. ##..# #..#
#. #...# #..# #.
#####..#### #..####.
#.........#####......>
#.###...<.........###. #.#
#.###.#.#.#.#.# ##
#.###.###Y###..###..#.####
#........@.##.##..........
#####.###..##..#.#..#.####
##.###..##.#...#.#.#
#................).#
#..###...........###
#.####..###.#<##.....##
#............<.......#
######.#####..###..#.# #.#
#.......#.#


You could see an ice beast.

Vanquished Creatures
  An ogre (D:4)
  A phantom (D:4)
  A scorpion (D:5)
  A howler monkey (D:5)
  A jelly (D:4)
  A hound (D:4)
  3 gnolls (D:4)
  5 adders
  A white imp (D:4)
  4 worms
  2 dart slugs
  5 orcs
  7 ball pythons
  7 endoplasms
  5 giant cockroaches
  8 goblins
  6 hobgoblins
  5 jackals (D:1)
  2 quokkas
  3 bats
  2 frilled lizards
  8 kobolds
  6 rats
85 creatures vanquished.

Notes
Turn   | Place    | Note
-------+----------+-------------------------------------------
     0 | D:1      | LustLizard the Barachi Ice Elementalist began the quest for
                  | the Orb.
     0 | D:1      | Reached XP level 1. HP: 13/13 MP: 3/3
   243 | D:1      | Found a faded altar of an unknown god.
   248 | D:1      | Reached skill level 5 in Ice Magic
   321 | D:1      | Reached XP level 2. HP: 15/19 MP: 0/5
  1083 | D:1      | Found Ygoes's General Store.
  1126 | D:1      | Reached XP level 3. HP: 21/24 MP: 2/6
  1142 | D:1      | Learned a level 3 spell: Frozen Ramparts
  1627 | D:2      | Identified the +1 ring mail of Heonin {rElec rN+ MP+9}
  1732 | D:2      | Learned a level 3 spell: Ozocubu's Armour
  1973 | D:2      | Reached skill level 6 in Ice Magic
  1974 | D:2      | Reached XP level 4. HP: 30/30 MP: 8/8
  3050 | D:3      | Found a white marble altar of Elyvilon.
  3060 | D:3      | Found a hazy altar of Hepliaklqana.
  3099 | D:3      | Found a basalt altar of Yredelemnul.
  3102 | D:3      | Found a stormy altar of Qazlal.
  3223 | D:3      | Found a burning altar of Makhleb.
  3335 | D:4      | Reached XP level 5. HP: 35/35 MP: 10/10
  3341 | D:4      | Reached skill level 7 in Ice Magic
  3433 | D:4      | Got the Handbook of Shifting and Transmutation
  3665 | D:4      | Noticed an ogre
  3673 | D:4      | Killed an ogre
  3674 | D:4      | Reached XP level 6. HP: 38/41 MP: 12/12
  3755 | D:4      | Learned a level 4 spell: Hailstorm
  4066 | D:4      | Found a glowing silver altar of Zin.
  4363 | D:4      | Reached skill level 1 in Conjurations
  4647 | D:4      | Reached skill level 8 in Ice Magic
  4762 | D:5      | Entered Level 5 of the Dungeon
  4815 | D:5      | Reached XP level 7. HP: 46/46 MP: 13/13
  5162 | D:5      | Slain by an ice beast

Illustrated notes

Levels and vault maps discovered:
D:1:      dpeg_arrival_water_fire, layout_loops_corners, basic_ecumenical_altar,
          serial_shops, shop, minmay_statues_item,
          chequers_serial_rivers_micro_c
D:2:      layout_loops_cross
D:3:      layout_rooms, lightli_temple_of_fire, grunt_temple_overflow_cloverleaf
D:4:      layout_basic, lemuel_round_altar, minmay_fractal_squares_gapless_5
D:5:      layout_loops_ring

Skill      XL: |  1  2  3  4  5  6 |
---------------+-------------------+-----
Ice Magic      | 5 6 7 8 |  8.3
Spellcasting   | 3 4 |  4.4
Conjurations   | 2 |  2.4
Dodging        | |  2.1
Stealth        | |  1.7

Action                   |  1- 3 |  4- 6 |  7- 9 || total
-------------------------+-------+-------+-------++-------
Melee: Dagger            |    12 |       |       ||    12
       Staff             |    27 |    96 |    16 ||   139
       Punch             |       |       |     1 ||     1
 Cast: Freeze            |    33 |    39 |     7 ||    79
       Frozen Ramparts   |     4 |    13 |     2 ||    19
       Ozocubu's Armour  |     1 |     5 |     1 ||     7
 Abil: Hop               |       |       |     2 ||     2
Evoke: Wand              |       |       |     4 ||     4
  Use: Scroll            |       |     5 |     1 ||     6
 Stab: Sleeping          |       |     1 |       ||     1
       Paralysed         |       |       |     9 ||     9
Armor: Robe              |     7 |       |       ||     7
       Ring mail         |     6 |    51 |    13 ||    70
Dodge: Dodged            |    32 |    70 |    17 ||   119
